 Dungeon Crawl Stone Soup version 0.28.0-53-g5a82cb258f (webtiles) character file.

Game seed: 10729198789761626271

9 Ashen the Chiller (level 2, 11/20 HPs)
             Began as a Demonspawn Ice Elementalist on July 13, 2022.
             Got out of the dungeon alive.
             The game lasted 00:00:52 (338 turns).

Ashen the Chiller (Demonspawn Ice Elementalist)      Turns: 338, Time: 00:00:52

Health: 11/20      AC:  2    Str:  8    XL:     2   Next: 3%
Magic:  3/5        EV: 12    Int: 16    God:
Gold:   0          SH:  0    Dex: 13    Spells: 4/5 levels left

rFire   . . .      SeeInvis .   (no weapon)
rCold   . . .      Faith    .   (no shield)
rNeg    . . .      Spirit   .   a - +0 robe
rPois   .          Reflect  .   (no helmet)
rElec   .          Harm     .   (no cloak)
rCorr   .          Rampage  .   (no gloves)
Will    .....                   (no boots)
Stlth   ++........              (no amulet)
HPRegen 0.06/turn               (no ring)
MPRegen 0.09/turn               (no ring)

@: no status effects
A: demonic guardian 1
a: no special abilities


You escaped.
You visited 1 branch of the dungeon, and saw 1 of its levels.

Inventory:

Armour
 a - a +0 robe (worn)


   Skills:
 + Level 0.5 Fighting
 + Level 1.9 Dodging
 + Level 2.0 Stealth
 + Level 2.1 Spellcasting
 + Level 3.7 Ice Magic


You had 4 spell levels left.
You knew the following spells:

 Your Spells              Type           Power      Damage    Failure   Level
a - Freeze                Ice            52%        1d7       4%          1

Your spell library contained the following spells:

 Spells                   Type           Power      Damage    Failure   Level
 Frozen Ramparts          Ice            26%        1d4       14%         3
 Ozocubu's Armour         Ice            13%        N/A       14%         3
 Foxfire                  Conj/Fire      4%         2x1d4     21%         1
 Conjure Flame            Conj/Fire      1%         6-21      52%         3
 Inner Flame              Hex/Fire       1%         N/A       52%         3
 Hailstorm                Conj/Ice       7%         3d4       67%         4
 Flame Wave               Conj/Fire      1%         2d4       90%         4


Dungeon Overview and Level Annotations

Branches:
Dungeon (1/15)

Altars:


Innate Abilities, Weirdness & Mutations

A weak demonic guardian rushes to your aid.


Message History

Press: ? - help, Shift-Dir - straight line, f - jackal
Aim: a jackal (moderately wounded)
You freeze the jackal.
The jackal is almost dead.
The jackal bites you.
You closely miss the jackal.
The jackal is almost dead.
The jackal barely misses you.
You hit the jackal but do no damage.
The jackal is almost dead.
The jackal barely misses you. The jackal bites you.
You closely miss the jackal.
The jackal is almost dead.
The jackal completely misses you.
You hit the jackal but do no damage.
The jackal is almost dead.
The jackal misses you. x2
You hit the jackal.
You kill the jackal!
Your Stealth skill increases to level 2!
You have reached level 2!
Your demonic ancestry asserts itself...
You feel the presence of a demonic guardian.
The jackal bites you but does no damage.
The jackal barely misses you.
The jackal bites you but does no damage.
The jackal bites you but does no damage.
The jackal misses you. The jackal bites you.
There is a stone staircase leading down here.
The jackal bites you but does no damage.
The jackal barely misses you.
There is an open door here.
The jackal bites you. The jackal bites you. The jackal bites you.
There is a staircase leading out of the dungeon here.
Are you sure you want to leave the Dungeon?
This will make you lose the game! The jackal closely misses you.
The jackal bites you.
You have escaped! hh.

# #.#.# ####.#.####
#.......[...
#.##........
#.......##########
#.......+....♣P#P##
#.......#≈≈≈..♣P#.♣
#.......##≈8.rKh@♣#
#.......#≈≈≈..♣P#.♣
#.###...'....♣P#P##
...##...##########
................
...##...#####.######
.....r.............##.
...>..................
...###.##.............


You could see a quokka, a jackal and a kobold.

Vanquished Creatures
  2 endoplasms (D:1)
  3 jackals (D:1)
  2 ball pythons (D:1)
  A rat (D:1)
8 creatures vanquished.

Notes
Turn   | Place    | Note
-------+----------+-------------------------------------------
     0 | D:1      | Ashen the Demonspawn Ice Elementalist began the quest for
                  | the Orb.
     0 | D:1      | Reached XP level 1. HP: 13/13 MP: 3/3
   309 | D:1      | Gained mutation: A weak demonic guardian rushes to your
                  | aid. [demonic ancestry]
   309 | D:1      | Reached XP level 2. HP: 16/20 MP: 0/5
   338 | D:$      | Got out of the dungeon alive.

Illustrated notes

Levels and vault maps discovered:
D:1:      tarquinn_simple_flora_water_d, layout_basic

Skill      XL: |  1 |
---------------+----+-----
Stealth        | 2 |  2.0
Fighting       | |  0.5
Dodging        | |  1.9
Spellcasting   | |  2.1
Ice Magic      | |  3.7

Action                   || total
-------------------------++-------
Melee: Unarmed           ||     9
 Cast: Freeze            ||    12
Armor: Robe              ||     5
Dodge: Dodged            ||    21
